Match 45906787
Unlisted

Match 45906787
End
Royal Engineer Section
Selects Canadian Shock Battlegroup
Construct Section Command Post
Infantry Section
Infantry Section
Construct Field Infirmary
Selects Offensive Resupply
Selects Canadian Shock Section
Grenade Package
Canadian Shock Section
Construct Platoon Command Post
Selects Incendiary Munitions
Unlock M3 Stuart Light Tanks
M3 Stuart Light Tank
Selects Pyrotechnics
Royal Engineer Section
M3 Stuart Light Tank
FeriG
Treadz
0
0

Comments sign in to comment!

No comments posted yet!